[Event "Icelandic Championship 2022"]
[Site "Selfoss"]
[Date "2022.04.26"]
[Round "6.2"]
[White "Thorhallsson, Simon"]
[Black "Steingrimsson, Hedinn"]
[Result "0-1"]
[ECO "D30"]
[WhiteElo "2245"]
[BlackElo "2535"]
[Annotator "TA"]
[PlyCount "78"]
[EventDate "2022.04.21"]
[EventType "tourn"]
[EventCountry "ISL"]
[SourceTitle "playchess.com"]
[Source "ChessBase"]
[SourceQuality "1"]
[TimeControl "40/5400+30:1800+30"]

1. d4 d5 2. c4 c6 3. Nf3 Nf6 4. e3 e6 5. Bd3 dxc4 6. Bxc4 Nbd7 7. O-O b5 8. Be2 {[%emt 0:04:14] D30: Queen's Gambit Declined: Systems without Nc3.} Bb7 9. b3 Be7 10. Bb2 {[%emt 0:00:20] The position is equal.} O-O 11. Nbd2 Rc8 {[%emt 0:06:07] [#]} 12. Ne5 $146 ({Predecessor:} 12. a3 Qc7 13. b4 Nb6 14. Nb3 Na4 15. Qc2 Rfd8 16. Rac1 Qb8 17. Ba1 Nd5 18. Na5 {1-0 (59) Ptaszynski,P (1800)-Lebiedzinski,M (1800) Wloclawek 2014}) 12... Qb6 13. Nxd7 Nxd7 14. Bf3 Rfd8 15. Rc1 c5 16. Bxb7 Qxb7 17. Qf3 Qa6 18. Rc2 ({White should try} 18. a3 $15) 18... cxd4 $17 (18... Qxa2 $2 19. Ra1 cxd4 20. Rxa2 $18) 19. Rxc8 Qxc8 (19... Rxc8 20. Bxd4 e5 21. Qf5 $15) 20. Rc1 {[%emt 0:02:09] Inhibits Qc2.} Qa6 (20... Ne5 $6 21. Qe4 (21. Qg3 Nc6 $15) 21... Qb8 22. Bxd4 $11) 21. Bxd4 (21. exd4 $17 {is a better defense.} Qxa2 22. Qc3) 21... Qxa2 (21... e5 $1 $19 {[%cal Re5d4] is more deadly.} 22. Ba1 Qxa2) 22. Qd1 {[%emt 0:02:02] Hoping for Ra1.} Qa3 23. Qc2 a5 24. Ra1 $1 Qb4 25. Bc3 {[%emt 0:01:41] [#]} (25. h3 $15) 25... Qc5 $1 $19 {[%emt 0:00:52] Threatens to win with ...b4.} 26. Qb2 {[%emt 0:04:54] [#]} Bf6 (26... Rc8 $1 $19 27. Bd4 Qc7) 27. Bxf6 $15 Nxf6 28. Rxa5 {[%emt 0:00:29] [#]} Ne4 $1 $36 {[%emt 0:02:44][%mdl 2048] Black has the initiative.} 29. Nf1 (29. b4 Qc7) 29... Qb4 {[%emt 0:03:22] &Nero is much more active.} ({Black should play} 29... h6 $17 {And now ...Rd1 would win.} 30. b4 Qc3 31. Qxc3 Nxc3) 30. Ra7 h6 31. Ra1 {[%emt 0:02:09] Against Rd1} Rd3 32. Qe5 (32. f3 $17 Nd6 33. Rb1) 32... Rxb3 $19 {[%emt 0:01:11] Strongly threatening ...Rb1.} 33. Ra8+ $2 (33. f3 {was called for.} Nd2 34. Qf4 Qxf4 35. exf4) 33... Kh7 {[%emt 0:00:00] ...Rb1 is the strong threat.} 34. Ra7 (34. Qb8 Qe1 35. Qf4 Nd2 36. h4 Nxf1 37. g4 Nd2+ 38. Kg2 Rb1 39. Qh2 Qd1) 34... Rb1 35. Rxf7 $2 {[%emt 0:02:36] [#]} (35. h3) 35... Rxf1+ $1 {[%emt 0:01:02][%mdl 512] Black is clearly winning.} 36. Kxf1 Qb1+ 37. Ke2 Qc2+ 38. Kf3 Ng5+ 39. Kg3 Nxf7 {[%emt 0:00:03] Weighted Error Value: White=0.46/Black=0.16 (very precise)} 0-1

[Event "Icelandic Championship 2022"]
[Site "Selfoss"]
[Date "2022.04.26"]
[Round "6.3"]
[White "Stefansson, Hannes"]
[Black "Stefansson, Vignir Vatnar"]
[Result "*"]
[ECO "B60"]
[WhiteElo "2520"]
[BlackElo "2484"]
[Annotator "TA"]
[PlyCount "103"]
[EventDate "2022.04.21"]
[EventType "tourn"]
[EventCountry "ISL"]
[SourceTitle "playchess.com"]
[Source "ChessBase"]
[SourceQuality "1"]
[TimeControl "40/5400+30:1800+30"]

1. e4 c5 2. Nf3 Nf6 3. Nc3 d6 4. d4 cxd4 5. Nxd4 Nc6 6. Bg5 g6 {[%emt 0:00:13] B60: Sicilian: Richter-Rauzer: Unusual Black 6th moves and 6...Bd7 without 7 Qd2.} 7. Bb5 {[%emt 0:06:00] [#] Threatens to win with Bxf6.} Bd7 8. Bxf6 exf6 {[%emt 0:00:05] White is slightly better.} 9. O-O {[%emt 0:12:16] 9.Nde2 gains popularity.} Bg7 10. Nb3 {[%emt 0:06:35] Pair of Knights!} Be6 11. Qd2 O-O 12. Rad1 f5 {[%emt 0:01:42] [#]} 13. Rfe1 $146 ({Predecessor:} 13. Bxc6 bxc6 14. Nd4 Qb6 15. exf5 Bc4 16. Rfe1 Qxb2 17. Rb1 Qa3 18. Ne4 Rfe8 19. f6 {0-1 (45) Novopashin,A-Chernikov,O Dnipropetrovsk 1964}) 13... Be5 (13... fxe4 $11 14. Nxe4 d5) 14. Bxc6 bxc6 15. Nd4 Qc8 (15... Qd7 {seems wilder.} 16. Qd3 Rae8 17. exf5 Bxf5 18. Nxf5 Qxf5 19. Qxf5 gxf5 20. g3 Rb8) 16. f4 Bg7 17. Nxe6 Qxe6 18. Qxd6 Qxd6 19. Rxd6 {[%emt 0:00:14] Hoping for e5.} fxe4 20. Nxe4 Bxb2 21. c4 c5 22. Nxc5 Ba3 23. Rd5 Rfc8 $1 24. Nd3 ({Don't blunder} 24. Ree5 $2 f6 25. Re6 Bxc5+ $19) 24... Rxc4 25. Re2 Rac8 26. f5 Kg7 27. Kf2 Rc3 28. fxg6 hxg6 29. g3 R8c7 30. h4 Be7 31. Nf4 Bc5+ 32. Kg2 Be3 33. Nd3 Bb6 34. Nf2 Ra3 35. Rd3 Ra4 36. Rf3 Rd7 37. Rd3 Rxd3 38. Nxd3 $15 {[%emt 0:00:06][%mdl 4096] Endgame KRB-KRN} Ra3 39. Ne5 Bc7 {[%emt 0:00:40] White must now prevent ...Bxe5.} 40. Nf3 Rc3 41. Rd2 Kf8 42. g4 Ra3 43. Rf2 Bf4 44. Re2 a5 45. Rc2 Ke7 46. Kf2 Kd6 47. Re2 {[%emt 0:00:00] The position is equal.} Kd5 48. h5 a4 49. Rc2 Kd6 50. Kg2 Kd5 51. Kf2 Be3+ 52. Ke2 {[%emt 0:00:00] Weighted Error Value: White=0.06 (flawless) /Black=0.05 (flawless)} *

[Event "Icelandic Championship 2022"]
[Site "Selfoss"]
[Date "2022.04.26"]
[Round "6.4"]
[White "Thorfinnsson, Bragi"]
[Black "Heimisson, Hilmir Freyr"]
[Result "0-1"]
[ECO "B13"]
[WhiteElo "2419"]
[BlackElo "2312"]
[Annotator "TA"]
[PlyCount "68"]
[EventDate "2022.04.21"]
[EventType "tourn"]
[EventCountry "ISL"]
[SourceTitle "playchess.com"]
[Source "ChessBase"]
[SourceQuality "1"]
[TimeControl "40/5400+30:1800+30"]

1. d4 Nf6 2. Bf4 d5 3. Nc3 c5 4. e3 cxd4 5. exd4 a6 6. Nf3 {[%emt 0:25:25] B13: Caro-Kann: Exchange Variation and Panov-Botvinnik Attack.} Nc6 7. Ne5 e6 8. Nxc6 {[%emt 0:11:45] The position is equal.} bxc6 9. Na4 Bd6 10. Bg3 O-O 11. Bd3 Re8 {[%emt 0:14:22] [#]} 12. f4 $146 ({Predecessor:} 12. O-O e5 13. dxe5 Bxe5 14. Re1 Bg4 15. Qd2 Qd6 16. Nb6 Rab8 17. Rxe5 Rxe5 18. Nc4 {1-0 (18) Bluebaum,M (2670)-Baskin,R (2390) Chess.com INT 2020}) 12... a5 13. Qe2 Qc7 14. O-O Qa7 15. Kh1 (15. c3 $11) 15... Qxd4 $17 {[%emt 0:20:16] Black converts the advantage convincingly.} 16. c4 {[%emt 0:00:06] [#] Hoping for Bf2.} Ne4 17. Bxe4 Qxe4 18. Qxe4 dxe4 19. Rad1 Bc7 20. b3 f5 21. h3 (21. h4 $17 {might work better.}) 21... g5 $19 22. Bh2 gxf4 23. Bxf4 {[%emt 0:00:34] [#]} e5 $1 24. Bg5 (24. Be3 $142) 24... f4 25. Rfe1 e3 26. Nc5 h6 27. Bxh6 Kh7 28. Bg5 Kg6 29. Bh4 (29. h4 $142 Bf5 30. Nd7) 29... Bf5 {[%emt 0:03:17] White must now prevent ...Rh8.} 30. g4 Bc8 31. Ne4 (31. Bg3 $142 a4 32. Re2) 31... Rh8 32. Be7 Rxh3+ 33. Kg2 Bxg4 34. Bd6 Bf3+ {[%emt 0:01:06] Weighted Error Value: White=0.88/Black=0.07 (flawless)} 0-1

[Event "Icelandic Championship 2022"]
[Site "Selfoss"]
[Date "2022.04.26"]
[Round "6.5"]
[White "Gretarsson, Hjorvar Steinn"]
[Black "Mai, Alexander Oliver"]
[Result "1-0"]
[ECO "A01"]
[WhiteElo "2548"]
[BlackElo "2207"]
[Annotator "TA"]
[PlyCount "87"]
[EventDate "2022.04.21"]
[EventType "tourn"]
[EventCountry "ISL"]
[SourceTitle "playchess.com"]
[Source "ChessBase"]
[SourceQuality "1"]
[TimeControl "40/5400+30:1800+30"]

1. c4 e5 2. b3 Nc6 3. Bb2 Nf6 4. Nf3 e4 5. Nd4 Nxd4 6. Bxd4 {[%emt 0:00:07] A01: Nimzowitsch-Larsen Opening.} d5 7. e3 c6 8. Nc3 {[%emt 0:02:21] The position is equal.} Be7 9. cxd5 cxd5 10. Bb5+ Bd7 11. Qe2 O-O 12. Bxd7 Qxd7 {[%emt 0:00:20] [#]} 13. d3 $146 ({Predecessor:} 13. O-O Rac8 14. h3 a6 15. Na4 Rc6 16. Rac1 b5 17. Nc5 Bxc5 18. Rxc5 Rxc5 19. Bxc5 {1-0 (34) Jobava,B (2603)-Rakotomaharo,F (2422) Chess.com INT 2020}) 13... Rfe8 14. O-O a6 15. Rad1 Qc6 16. Qb2 Rad8 17. Ne2 Qe6 18. Nf4 Qf5 19. Qc3 Rd6 20. Qc7 g5 {[%emt 0:17:25] [#]} (20... Rd7 $14 21. Qa5 Bd8) 21. Ne2 (21. dxe4 $1 $16 Nxe4 22. f3 $1) 21... g4 (21... exd3 $11 22. Ng3 Qg6) 22. Ng3 ({White should try} 22. Bxf6 $16 Rxf6 23. dxe4 dxe4 24. Qxb7) 22... Qe6 (22... Qd7 $1 $14 23. Qxd7 Rxd7) 23. Bxf6 Rc6 24. Qf4 {[%emt 0:03:11] Threatening mate with Qg5+.} Bxf6 25. dxe4 dxe4 26. Nf5 h5 27. Rd6 Rxd6 28. Nxd6 Re7 29. Nxe4 Bg7 {[%emt 0:01:58] [#]} 30. Ng3 Qe5 31. Nf5 Re6 32. Qg5 Qf6 33. Qxh5 {[%emt 0:01:28] &Bianco is more active.} Re5 34. e4 Rxe4 35. Ng3 Rf4 (35... Qe5 $142) 36. Re1 $36 {[%emt 0:00:55][%cal Bf1e1,Be1e4,Be4f4][%mdl 2080] And now Re8+ would win. White has strong initiative.} Qc6 {[%emt 0:01:58] Against Re8+} 37. Qg5 Qf6 38. Qxf6 Rxf6 $18 {[%emt 0:01:03][%mdl 4096] Endgame KRB-KRN} 39. Re4 Rg6 (39... Rc6 $16 {was worth a try.} 40. Rxg4 Rc1+ 41. Nf1 Rc2) 40. Kf1 Kf8 (40... Rg5 $16 41. Rf4 Bb2) 41. Nf5 Rg5 42. Ne3 f5 $2 (42... Rh5 43. Rc4 (43. Nxg4 f5 $18) (43. Rxg4 Rxh2 44. Rc4 Kg8 $16) 43... Rxh2) 43. Rf4 Rh5 44. Rxf5+ {[%emt 0:00:00] Weighted Error Value: White=0.12 (very precise) /Black=0.29 (precise)} 1-0

[Event "Icelandic Championship 2022"]
[Site "Selfoss"]
[Date "2022.04.27"]
[Round "7.1"]
[White "Mai, Alexander Oliver"]
[Black "Kjartansson, Gudmundur"]
[Result "1/2-1/2"]
[ECO "C42"]
[WhiteElo "2207"]
[BlackElo "2450"]
[Annotator "TA"]
[PlyCount "175"]
[EventDate "2022.04.21"]
[EventType "tourn"]
[EventCountry "ISL"]
[SourceTitle "playchess.com"]
[Source "ChessBase"]
[SourceQuality "1"]
[TimeControl "40/5400+30:1800+30"]

1. e4 e5 2. Nf3 Nf6 3. Nxe5 d6 4. Nf3 Nxe4 5. d3 Nf6 6. d4 Be7 7. Bd3 Bg4 8. c3 O-O 9. O-O Re8 10. h3 Bh5 11. Bf4 Nbd7 12. Nbd2 Nf8 13. Qc2 Bg6 14. Rfe1 Bxd3 15. Qxd3 Ng6 16. Bh2 Qd7 17. Nf1 a5 18. Ne3 a4 19. Nf5 b5 20. d5 Bf8 21. Rac1 h6 22. Rcd1 Ra5 23. Rxe8 Qxe8 24. Qd4 Qc8 25. Qd3 (25. Nxh6+ $2 gxh6 26. Bxd6 (26. Qxf6 $2 Bg7 $19) 26... b4 $1 27. Qxb4 (27. Bxf8 $2 Rxd5 28. Bxh6 Rxd4 $19) 27... Rxd5 28. Rxd5 Nxd5 $19) 25... Qb7 26. Qd4 (26. Bg3 $5 ) 26... Qc8 27. Ne3 (27. Nxh6+ $2 gxh6 28. Bxd6 (28. Qxf6 $2 Bg7 $19) 28... b4 $1 29. Qxb4 (29. Bxf8 $2 Rxd5 30. Bxh6 Rxd4 $19) 29... Rxd5 30. Rxd5 Nxd5 $19) 27... Ra8 28. Nc2 Qf5 29. Ne3 Qd7 30. Qb4 (30. Qd3 $5 ) 30... Ne7 31. Bg3 Rb8 32. Rd2 Qe8 33. Bh4 (33. Qf4 $11) 33... g5 $17 34. Bg3 c5 35. dxc6 $1 Nxc6 36. Qa3 ({Only move:} 36. Ng4 $15 Nh5 37. Qa3) 36... Ne4 $17 37. Re2 (37. Nd5 $142) 37... Nxg3 38. fxg3 d5 $1 39. b4 d4 $2 ({Better is} 39... axb3 $1 $19 40. Qxb3 Bc5 41. Qxd5 Bxe3+ 42. Kh2 Na5) 40. Nxd4 $11 Nxd4 41. cxd4 Qe4 42. Qb2 (42. Rf2 $11) 42... Re8 $17 ({Don't play} 42... Bg7 $6 43. Qc2 Qxd4 44. Kh2 $15) 43. Kf1 Qd3 $1 44. Ng4 $2 (44. Kf2 $17) 44... Qd1+ $19 45. Kf2 a3 ({Inferior is} 45... Rxe2+ 46. Qxe2 Qxd4+ 47. Kf3 $17) 46. Qd2 Qxd2 $2 (46... Rxe2+ $19 47. Qxe2 Qxd4+ 48. Qe3 Qxb4 49. Nf6+ Kh8) 47. Rxd2 $11 Bxb4 48. Re2 Rxe2+ 49. Kxe2 h5 (49... Kg7 $11 {keeps the balance.}) 50. Ne3 ({White should try} 50. Nf6+ $16 Kf8 51. Kd3 (51. Nxh5 f5 $14)) 50... Bd6 51. g4 hxg4 52. hxg4 f6 $2 {[%emt 0:00:59] [#]} (52... Kf8 $1 $11 {and Black stays safe.}) 53. Nc2 $2 (53. Kd3 $1 $18) 53... Kf7 $11 54. Kd3 Ke6 55. Ke4 b4 56. Na1 Bg3 57. Nb3 Kd6 58. Na5 Be1 59. Nb3 Bc3 60. Na5 Bb2 61. Nc4+ Kc6 62. Nd2 Ba1 63. Nb3 Bc3 64. Nc1 Kd6 65. Nb3 Kc6 66. Nc1 Be1 67. Nb3 Bf2 68. Na1 Bg1 69. Nb3 Bf2 70. Na1 Be1 71. Nb3 Bc3 72. Nc1 Bd2 73. Nb3 Be1 74. Na1 Bf2 75. Nb3 Bg1 76. Na1 Bf2 77. Nb3 $1 Kd6 78. Na1 Be1 $2 {[%emt 0:00:15] [#]} (78... Kc6 $11 {and Black is okay.}) 79. Nb3 $2 ({White has to play} 79. Kd3 $1 $18) 79... Bc3 80. Nc1 Bb2 (80... Bd2 $5 81. Nb3 Bc3 $11) 81. Nb3 Kc6 82. Nd2 Ba1 83. Nb3 Bc3 84. Nc1 Bb2 85. Nb3 Bc3 86. Nc1 Kd6 87. Nb3 Bb2 88. Nd2 1/2-1/2

[Event "Icelandic Championship 2022"]
[Site "Selfoss"]
[Date "2022.04.27"]
[Round "7.2"]
[White "Steingrimsson, Hedinn"]
[Black "Gretarsson, Hjorvar Steinn"]
[Result "0-1"]
[ECO "E49"]
[WhiteElo "2535"]
[BlackElo "2548"]
[Annotator "TA"]
[PlyCount "56"]
[EventDate "2022.04.21"]
[EventType "tourn"]
[EventCountry "ISL"]
[SourceTitle "playchess.com"]
[Source "ChessBase"]
[SourceQuality "1"]
[TimeControl "40/5400+30:1800+30"]

1. d4 Nf6 2. c4 e6 3. Nc3 Bb4 4. e3 O-O 5. Bd3 d5 6. a3 Bxc3+ 7. bxc3 dxc4 8. Bxc4 c5 9. Ne2 Nc6 10. O-O e5 11. Bb2 Qb6 {[%emt 0:07:05] [#] Strongly threatening ...Na5. E49: Nimzo-Indian: Rubinstein: 5 Bd3 d5 6 a3 Bxc3+ 7 bxc3.} (11... Na5 $5 12. Bd3 e4 $11) 12. Qc2 {[%emt 0:08:54] [#]} Bg4 $146 ({Predecessor:} 12... Rd8 13. h3 Bd7 14. Ba2 Be6 15. Bxe6 fxe6 16. Rad1 Qa6 17. Ng3 Qc4 18. Qd3 Qxd3 19. Rxd3 {1-0 (62) Hurme,H (2255)-Rychagov,M (2425) Espoo 1989}) 13. f3 Bh5 {[%emt 0:01:29] The position is equal.} (13... Na5 $5 14. Ba2 (14. dxe5 Nxc4 15. exf6 Nxe3 $15) 14... Be6 $11) 14. Qb3 Qc7 {[%emt 0:04:17] White must now prevent ...cxd4.} 15. Qa4 Rac8 16. Rac1 Na5 {[%emt 0:10:00] ...cxd4 is the strong threat.} 17. Ba2 c4 (17... b5 $5 18. Qd1 (18. Qxb5 $2 Rb8 $19) 18... Nc4 19. Bxc4 bxc4 $11) 18. Rf2 e4 19. Ng3 Bg6 20. f4 {[%emt 0:00:55] [#]} (20. Qd1 $15) 20... h5 (20... Ng4 $1 $17 21. f5 (21. Re2 f5 $15) 21... Nxf2 22. Kxf2 Bxf5 23. Nxf5 g6) 21. f5 $11 h4 22. fxg6 $2 {[%emt 0:02:52] Now White is beyond hope.} (22. Nf1 $1 $11 Bh7 23. Qd1) 22... hxg3 $19 23. gxf7+ $2 (23. Rxf6 gxh2+ 24. Kh1 gxf6 25. gxf7+ Rxf7 26. Qc2) 23... Rxf7 24. Rf4 (24. hxg3 $142 Rcf8 25. Rcf1 Qxg3 26. Qxa5) 24... gxh2+ 25. Kh1 Nh5 {[%emt 0:01:21][%cal Bf6h5,Bh5g3,Bg3e2][%mdl 32] Pair of Knights!} 26. Rxf7 Kxf7 {[%emt 0:01:17] Black mates.} 27. Qb5 Ng3+ 28. Kxh2 Ne2+ {[%emt 0:00:07] Weighted Error Value: White=1.06/Black=0.17 (very precise)} 0-1

[Event "Icelandic Championship 2022"]
[Site "Selfoss"]
[Date "2022.04.27"]
[Round "7.3"]
[White "Stefansson, Vignir Vatnar"]
[Black "Thorhallsson, Simon"]
[Result "1-0"]
[ECO "A63"]
[WhiteElo "2484"]
[BlackElo "2245"]
[Annotator "TA"]
[PlyCount "63"]
[EventDate "2022.04.21"]
[EventType "tourn"]
[EventCountry "ISL"]
[SourceTitle "playchess.com"]
[Source "ChessBase"]
[SourceQuality "1"]
[TimeControl "40/5400+30:1800+30"]

1. c4 Nf6 2. Nc3 g6 3. g3 Bg7 4. Bg2 O-O 5. d4 d6 6. Nf3 c5 7. d5 e6 8. O-O Re8 9. Re1 exd5 10. cxd5 a6 11. a4 Nbd7 12. Bf4 Qe7 13. e4 Ng4 $1 {[%emt 0:05:51] A63: Modern Benoni: Fianchetto Variation: 9...Nbd7.} 14. Bg5 f6 15. Bf4 {[%emt 0:01:55] [#]} Rb8 $146 {[%emt 0:02:01] The position is equal.} ({Predecessor:} 15... Nge5 16. Qe2 Nxf3+ 17. Bxf3 g5 18. Be3 Ne5 19. Bh5 g4 20. Red1 Rf8 21. f4 gxf3 22. Bxf3 {0-1 (35) Mirschinka,D (2265)-Schunk,T (2300) Germany 1997}) 16. Qe2 Nde5 17. Nd2 g5 18. Bxe5 Nxe5 19. Nc4 (19. f4 $15 Bg4 20. Qe3) 19... Nxc4 $17 20. Qxc4 f5 21. f4 (21. Qe2 $17 {was called for.}) 21... Bd4+ 22. Kf1 (22. Kh1 $17 {might work better.}) 22... gxf4 23. exf5 Qf8 24. g4 (24. Rxe8 $142 Qxe8 25. Re1) 24... f3 $2 {[%emt 0:13:33] [#]} (24... Rxe1+ $19 25. Rxe1 b5 26. axb5 axb5) 25. Bxf3 $11 Bxf5 26. gxf5 $14 {[%emt 0:01:24] The board is on fire.} Qxf5 27. Kg2 Kh8 {[%emt 0:07:44] [#] ( -> ...Rg8+)} (27... Rf8 $2 28. Rf1 $18) 28. Ne4 $1 Rxe4 $4 {[%emt 0:03:53][%mdl 8192] Loses the game.} 29. Bxe4 $18 {[%emt 0:00:46] White is clearly winning.} Qg4+ 30. Kh1 Rf8 {[%emt 0:00:17] White must now prevent ...Rf2.} 31. Qe2 Qh3 (31... Qxe2 $142 32. Rxe2 Rf7) 32. Rf1 {[%emt 0:00:44] Weighted Error Value: White=0.31/Black=0.69} 1-0

[Event "Icelandic Championship 2022"]
[Site "Selfoss"]
[Date "2022.04.27"]
[Round "7.4"]
[White "Heimisson, Hilmir Freyr"]
[Black "Stefansson, Hannes"]
[Result "1-0"]
[ECO "C68"]
[WhiteElo "2312"]
[BlackElo "2520"]
[Annotator "TA"]
[PlyCount "183"]
[EventDate "2022.04.21"]
[EventType "tourn"]
[EventCountry "ISL"]
[SourceTitle "playchess.com"]
[Source "ChessBase"]
[SourceQuality "1"]
[TimeControl "40/5400+30:1800+30"]

1. e4 e5 2. Nf3 Nc6 3. Bb5 a6 4. Bxc6 dxc6 5. O-O Qd6 6. Na3 Be6 7. Qe2 Bg4 8. Qe3 Qf6 9. Nc4 Bxf3 10. Qxf3 Qxf3 11. gxf3 Bd6 12. d3 Ne7 13. Be3 Ng6 14. Rfd1 O-O-O 15. Kf1 Rhf8 16. Ke2 f5 17. Rg1 Rf7 18. Rg5 ({Much worse is} 18. Nxd6+ cxd6 19. h4 fxe4 20. fxe4 Nf8 $11) 18... Ne7 19. Rag1 g6 20. h4 Rf6 21. R5g2 f4 22. Bc1 c5 23. c3 h6 ({Better is} 23... Nc6 $11) 24. Nd2 (24. a3 $5 ) 24... Kd7 25. Nf1 Re6 26. Nh2 (26. Nd2 $11) 26... h5 $1 $17 27. Nf1 Ke8 $1 28. Nd2 Kf7 29. b3 Nc6 30. Rh2 b5 31. Bb2 (31. Rhh1 $17) 31... Be7 $19 32. Rd1 Red6 33. Nb1 c4 $1 34. bxc4 bxc4 35. d4 exd4 36. cxd4 Nxd4+ 37. Rxd4 Rxd4 38. Bxd4 Rxd4 39. Rh1 Bb4 40. Rc1 c3 (40... Kf6 $19 {aiming for ...g5.} 41. a3 Ba5) 41. a3 $17 Bd6 $1 42. Rxc3 g5 (42... Ra4 $1 $17 43. Rc2 Ra5) 43. hxg5 $11 h4 44. Rc6 Ra4 45. Nd2 h3 46. Kf1 Rxa3 47. Kg1 Ke6 48. g6 Ra5 (48... Ra1+ $11 {keeps the balance.} 49. Kh2 Ra2) 49. Nc4 $1 $16 Rc5 50. Nxd6 cxd6 (50... Rxc6 $2 51. g7 $1 Ke7 52. g8=Q $1 $18) 51. Rxa6 Rg5+ 52. Kh2 Rxg6 53. Kxh3 Rg8 54. Ra5 Rh8+ 55. Kg4 Rh2 56. Ra2 Ke5 57. Rd2 Rg2+ 58. Kh3 Rg1 $2 (58... Rg6 $16 59. Rd5+ Ke6) 59. Rd5+ $18 Ke6 60. Kh2 $2 (60. Rf5 $1 $18 Rh1+ 61. Kg4) 60... Rg8 $2 (60... Rg6 $16 61. Kh3 Rg8) 61. Rf5 $1 $18 Rh8+ 62. Kg2 Rh4 63. Kg1 $1 Ke7 64. Kf1 Ke6 65. Kg2 $1 Ke7 66. Rg5 $1 Rh8 67. Rg4 Rf8 {[%emt 0:00:07] [#]} 68. Kh3 $1 Rf7 {[%emt 0:04:55] [#]} 69. Rh4 $1 Ke6 70. Kg4 Rf8 71. Rh6+ Ke5 72. Rh5+ Ke6 73. Rg5 Rf7 74. Rf5 Ra7 75. Kxf4 Ra2 76. Kg3 Ra3 77. Rd5 Rb3 78. Kf4 Ra3 79. Rd2 Rb3 80. Re2 Ra3 81. Re3 Ra1 82. Rd3 Re1 83. Rd2 Ra1 84. Ke3 Ra4 85. f4 Ra3+ 86. Rd3 Ra1 87. f5+ Ke7 88. Kf4 Ra2 89. f3 Ra1 90. Rb3 Ra7 91. Kg5 Kf7 92. Rd3 1-0

[Event "Icelandic Championship 2022"]
[Site "Selfoss"]
[Date "2022.04.27"]
[Round "7.5"]
[White "Thorhallsson, Throstur"]
[Black "Thorfinnsson, Bragi"]
[Result "1-0"]
[ECO "C45"]
[WhiteElo "2414"]
[BlackElo "2419"]
[Annotator "TA"]
[PlyCount "123"]
[EventDate "2022.04.21"]
[EventType "tourn"]
[EventCountry "ISL"]
[SourceTitle "playchess.com"]
[Source "ChessBase"]
[SourceQuality "1"]
[TimeControl "40/5400+30:1800+30"]

1. e4 e5 2. Nf3 Nc6 3. d4 exd4 4. Nxd4 Bb4+ 5. c3 Be7 6. Bc4 Nf6 7. Nxc6 bxc6 8. e5 {[%emt 0:01:59] C45: Scotch Game.} Nd5 {[%emt 0:00:28] The main line 8...Nd5 scores better than 8...Ne4.} 9. Qg4 g6 10. Bh6 {[%emt 0:00:34] White is slightly better.} Nb6 11. Bb3 {[%emt 0:03:04] aiming for Qf3.} d5 12. Qg3 {[%emt 0:05:42] [#]} Ba6 $146 ({Predecessor:} 12... Bf5 13. Nd2 a5 14. Rc1 Nd7 15. Bc2 Bxc2 16. Rxc2 Nc5 17. O-O Qd7 18. Nf3 Rg8 {½-½ (49) Warmerdam,M (2387)-Ernst,S (2553) Vlissingen 2017}) 13. Nd2 Qd7 14. O-O-O O-O-O 15. Rhe1 {[%emt 0:01:01][%cal Od2e4] Prevents Be2.} c5 16. Nf3 Bc4 17. e6 fxe6 18. Ne5 Qb5 19. Nxc4 dxc4 20. Bc2 {[%emt 0:00:05] A strong pair of Bishops.} (20. Rxe6 $2 cxb3 21. Rxd8+ (21. Rxe7 $2 Rxd1+ 22. Kxd1 Qf1+ 23. Re1 Rd8+ 24. Bd2 bxa2 $19) 21... Rxd8 $19) 20... Na4 21. Bxa4 (21. b3 cxb3 22. Rxd8+ (22. axb3 c4 $17) 22... Rxd8 23. axb3 c4 $1 $19) 21... Qxa4 22. Qf3 {[%emt 0:00:39] Really sharp!} (22. Qg4 $16 Qxa2 23. Qxe6+ Kb7 24. Rxd8 (24. Qxe7 Qa1+ 25. Kc2 Qa4+ 26. Kc1 Qa1+ 27. Kc2 Qa4+ 28. Kc1 Qa1+ $11) 24... Bxd8 25. Kc2 (25. Qd5+ c6 $16)) 22... Kb8 (22... Rxd1+ $11 {remains equal.} 23. Rxd1 Kb8) 23. a3 {[%emt 0:01:05] Active counter play!} (23. Rxe6 Rxd1+ 24. Qxd1 Qxa2 $11) 23... Rxd1+ 24. Rxd1 Bd6 (24... Rd8 $1 $11 {keeps the balance.}) 25. Qe4 {[%emt 0:02:06][%mdl 1024] White has strong compensation.} Re8 26. Be3 Qb5 27. g3 Re7 28. h4 a6 29. g4 Qb7 30. Qxc4 Qb5 31. Qe4 Qb7 32. Qc2 Qf3 33. Qa4 Kb7 34. Qb3+ (34. Bg5 Rf7 $11) 34... Kc8 35. Qc4 Qc6 36. h5 gxh5 37. gxh5 Qb5 38. Qe4 Qb7 39. Qg4 Qc6 40. h6 Kb7 41. Kb1 Qb5 (41... e5 $16 {was necessary.} 42. Qc4 Qb5) 42. Ka2 $1 $18 a5 43. Qe4+ Qc6 44. Qc4 a4 {[%emt 0:04:13] Against Qb3+} 45. Ka1 Qa6 46. Qh4 Qc6 47. Rg1 Rd7 48. Qc4 Re7 (48... Be7 $16 49. Ka2 Bf6) 49. Rg5 Qa6 50. Qxa6+ Kxa6 {[%emt 0:00:03][%mdl 4096] Endgame KRB-KRB} 51. Rg7 {[%emt 0:00:00] Threatens to win with Bg5.} (51. Bxc5 Bxc5 52. Rxc5 e5 $16) 51... Kb5 {[%emt 0:02:23] [#]} (51... c6 {is a better defense.} 52. Bf4 e5 53. Rxe7 Bxe7 54. Bxe5 Bf8) 52. Bg5 $1 Re8 53. Rxh7 {[%emt 0:00:00] Black must now prevent Rf7.} Rf8 {[%emt 0:00:00] Against Rf7} 54. Be3 Bf4 (54... Rf5 $142 55. Kb1 Kc6) 55. Re7 ({But not} 55. Bxf4 Rxf4 56. Rh8 (56. Rxc7 Rxf2 57. Rh7 Rh2 $14) 56... Kc6 $18) (55. Rg7 $18 {has better winning chances.}) 55... Bxe3 $16 56. fxe3 {[%emt 0:00:05] KR-KR} Kc4 {[%emt 0:00:13] [#] ( -> ...Kb3)} 57. Ka2 (57. Rxe6 $2 {leads to mate.} Kb3) 57... Kd3 $2 {[%emt 0:00:54] Black cannot hold the game after this.} (57... Rf6 $16 {keeps fighting.}) 58. h7 c4 $2 (58... Rh8 59. Rxc7 c4) 59. Rxe6 $18 {[%emt 0:01:03] White is clearly winning.} Rh8 60. Rh6 Kxe3 61. Rh4 Kd3 62. Kb1 {[%emt 0:00:49] Weighted Error Value: White=0.12 (very precise) /Black=0.22 (precise)} 1-0